cohdb
Replays
Latest Replays
All Replays
Popular Replays
Top Player Replays
Match Explorer
How It Works
Community
CoH3 Stats
Reddit
Sign in to upload your games and track your stats! →
Sign in with Steam
Match 44636619
Unlisted
Match 44636619
Overview
Messages
Build Orders
End
Construct Barracks
Riflemen Squad
Riflemen Squad
M1 Mortar Team
Riflemen Squad
Grenade Package
Air Support Center
Construct Weapon Support Center
Grasshopper Recon Run
M3 Armored Personnel Carrier
Construct Motor Pool
Grasshopper Recon Run
M8 Greyhound Armored Car
P-47 Strafing Run
M1 Anti-tank Gun Team
M1918 Browning Automatic Rifles
Grasshopper Recon Run
Engineer Squad
Grasshopper Recon Run
P-47 Strafing Run
Grasshopper Recon Run
Construct Tank Depot
P-47 Strafing Run
P-47 Dive Bomb
Selects Special Operations Battlegroup
Selects M29 Weasel Recon Vehicle
Selects P-47 Anti-Infantry Loiter
Selects UNKNOWN (2162291)
M4A1 Sherman Whizbang
Grasshopper Recon Run
Scout Squad
Grasshopper Recon Run
M4A1 Sherman Whizbang
P-47 Dive Bomb
Improved Aircraft Armor
Air Supremacy
Advanced Air Reconnaissance
Double Sortie
Arturokq
connyatwork
就TM你叫夏洛啊
michalhori
Aurelianus Restitutor Orbis
Blitzkrieg
0
0
Comments
sign in to comment!
No comments posted yet!